 Dungeon Crawl Stone Soup version 0.20.1-1-g8b1a95d (webtiles) character file.

54 Disgai the Covered (level 3, -2/34 HPs)
             Began as a Deep Dwarf Fighter on Oct 6, 2017.
             Slain by a worm (5 damage)
             ... on level 2 of the Dungeon on Oct 10, 2017.
             The game lasted 00:12:28 (1248 turns).

Disgai the Covered (Deep Dwarf Fighter)             Turns: 1248, Time: 00:12:28

Health: -2/34      AC:  7    Str: 17 (20) XL:     3   Next: 66%
Magic:  3/3        EV:  7    Int:  7 (8)  God:
Gold:   69         SH:  9    Dex:  9 (12) Spells: 2/2 levels left

rFire    . . .     SeeInvis .   a - +0 war axe
rCold    . . .     Gourm    .   c - +0 shield
rNeg     . . .     Faith    .   b - +0 scale mail
rPois    .         Spirit   .   (no helmet)
rElec    .         Reflect  .   (no cloak)
rCorr    .         Harm     .   (no gloves)
MR       .....                  (no boots)
Stlth    ..........             (no amulet)
Regen    0.0/turn               (no ring)
MPRegen  0.1/turn               (no ring)

@: lethally poisoned (-2 -> -2), non-regenerating
A: damage resistance, heal wounds, sense surroundings 1, no regeneration
a: Heal Wounds


You were on level 2 of the Dungeon.
You were not hungry.

You visited 1 branch of the dungeon, and saw 2 of its levels.

You collected 69 gold pieces.

Inventory:

Hand Weapons
 a - a +0 war axe (weapon)
 e - a +1 dagger of pain
 p - a +0 mace
Missiles
 g - 26 sling bullets
 j - 12 arrows
Armour
 b - a +0 scale mail (worn)
 c - a +0 shield (worn)
Scrolls
 h - a scroll of identify {unknown}
 k - a scroll of enchant weapon {unknown}
 o - 3 scrolls of blinking {unknown}
 q - a scroll of immolation {unknown}
 r - a scroll of amnesia {unknown}
 s - a scroll of teleportation {unknown}
Potions
 d - a potion of might
 i - a potion of degeneration
 m - 2 potions of curing {unknown}
 n - 2 potions of haste {unknown}
Comestibles
 l - 2 meat rations


   Skills:
 + Level 3.0 Fighting
 + Level 2.5 Axes
 + Level 4.0 Armour
 + Level 0.4 Dodging
 + Level 3.9 Shields


You had 2 spell levels left.
You didn't know any spells.

Dungeon Overview and Level Annotations

Branches:
Dungeon (2/15)

Altars:
Ashenzari


Innate Abilities, Weirdness & Mutations

You are resistant to damage.
You can heal yourself by infusing magical energy.
You passively map a small area around you.
You do not regenerate.


Message History

The adder is lightly wounded.
You hit the worm. You block the adder's attack.
The adder bites you but does no damage. The worm bites you but does no damage.
You closely miss the adder.
The adder is lightly wounded.
You hit the worm. The adder bites you but does no damage.
The adder barely misses you. The worm bites you!
* * * LOW HITPOINT WARNING * * *
You slash the adder!
The adder is almost dead.
You slash the worm! The adder bites you.
* * * LOW HITPOINT WARNING * * *
You are more poisoned.
The adder poisons you! You block the adder's attack. The worm bites you.
* * * LOW HITPOINT WARNING * * *
You barely miss the adder.
The adder is almost dead.
You slash the worm! The adder bites you but does no damage.
You block the adder's attack. The worm bites you!
You die...

, * #.# ,,,... #.#
* , .. , *###.# #
*,,,, ...# ,
**#..######## , ,
##.....†..#######
,
##..######........
#...........###..)
* #@.##########
#### , *#Sw# *
****##### * ,
......,, ,.....
%#.#.### *##### ..
..#..,,** * .
$.....#, ,
,........ , , ....
.#.#* * .. ##.


You could see a worm and an adder.

Vanquished Creatures
  An ooze (D:1)
  A dart slug (D:2)
  2 leopard geckos (D:1)
  7 bats
  2 giant cockroaches
  8 goblins
  9 hobgoblins
  2 jackals (D:1)
  3 frilled lizards
  A kobold (D:2)
  6 rats
42 creatures vanquished.

Notes
Turn   | Place    | Note
-------+----------+-------------------------------------------
     0 | D:1      | Disgai the Deep Dwarf Fighter began the quest for the Orb.
     0 | D:1      | Reached XP level 1. HP: 20/20 MP: 1/1
   207 | D:1      | Reached XP level 2. HP: 24/27 MP: 2/2
   291 | D:1      | Found a shattered altar of Ashenzari.
   505 | D:1      | Reached XP level 3. HP: 25/34 MP: 3/3
  1072 | D:2      | Reached skill level 4 in Armour
  1248 | D:2      | Slain by a worm

Skill      XL: |  1  2  3 |
---------------+----------+-----
Fighting       | 3 |  3.0
Armour         | 4 |  4.0
Axes           | |  2.5
Dodging        | |  0.4
Shields        | |  3.9

Action                   || total
-------------------------++-------
Melee: War axe           ||   128
  Use: Potion            ||     2
  Eat: Bread ration      ||     1
Armor: Scale mail        ||   179
Dodge: Dodged            ||   115
Block: Shield            ||   174
